 Dungeon Crawl Stone Soup version 0.17-a0-854-g4a4ba72 (webtiles) character file.

71 drasked the Chucker (level 4, -10/44 HPs)
             Began as an Ogre Hunter on Apr 27, 2015.
             Mangled by a gnoll
             ... wielding a +0 spear
              (12 damage)
             ... on level 2 of the Dungeon on Apr 28, 2015.
             The game lasted 00:16:51 (2168 turns).

drasked the Chucker (Ogre Hunter)                   Turns: 2168, Time: 00:16:51

Health: -10/44     AC:  3    Str: 18    XL:     4   Next: 24%
Magic:  4/4        EV: 10    Int: 10    God:
Gold:   55         SH:  0    Dex: 10    Spells: 0 memorised, 3 levels left

rFire  . . .     SeeInvis .     k - +0 club
rCold  . . .     Clarity  .     d - +0 robe
rNeg   . . .     SustAb   .     (no shield)
rPois  .         Gourm    .     (helmet restricted)
rElec  .         Spirit   .     (no cloak)
rCorr  .         Warding  .     (gloves unavailable)
rMut   .         Stasis   .     (boots unavailable)
MR     .....                    (no amulet)
Stlth  +.........               (no ring)
                                (no ring)

@: not resistant to hostile enchantments, very unstealthy
A: unfitting armour, tough skin 1
a: no special abilities


You were on level 2 of the Dungeon.
You were hungry.

You visited 1 branch of the dungeon, and saw 2 of its levels.

You collected 55 gold pieces.

Inventory:

Hand weapons
 j - a +1 dagger of distortion
 k - a +0 club (weapon)
Missiles
 c - a throwing net (quivered)
Armour
 d - a +0 robe (worn)
Jewellery
 q - an uncursed ring of magical power {unknown}
Scrolls
 g - 3 scrolls of identify {unknown}
 h - a scroll of amnesia {unknown}
 l - a scroll of remove curse {unknown}
 n - a scroll of immolation {unknown}
 p - 2 scrolls of magic mapping {unknown}
 r - a scroll of enchant armour {unknown}
 s - a scroll of noise {unknown}
Potions
 a - 2 potions of curing {unknown}
 f - a potion of restore abilities {unknown}
 i - 2 potions of lignification {unknown}
 m - a potion of invisibility {unknown}
Comestibles
 e - 6 bread rations
 o - 5 chunks of flesh
 t - a meat ration


   Skills:
 - Level 2.6 Fighting
 + Level 3.2 Maces & Flails
 - Level 4.3 Throwing
 - Level 3.0 Dodging
 - Level 1.0 Stealth


You had 3 spell levels left.
You didn't know any spells.

Dungeon Overview and Level Annotations

Branches:
Dungeon (2/15)

Altars:


Innate Abilities, Weirdness & Mutations

You are too large for most types of armour.
You have tough skin (AC +1).


Message History

You are feeling hungry.
You hit the gnoll.
The gnoll is heavily wounded.
The gnoll completely misses you.
You completely miss the gnoll.
The gnoll is heavily wounded.
The gnoll hits you with a spear.
* * * LOW HITPOINT WARNING * * *
You closely miss the gnoll.
The gnoll is heavily wounded.
The gnoll hits you with a spear.
* * * LOW HITPOINT WARNING * * *
You closely miss the gnoll.
The gnoll is heavily wounded.
The gnoll hits you with a spear.
* * * LOW HITPOINT WARNING * * *
You closely miss the gnoll.
The gnoll is heavily wounded.
The gnoll hits you with a spear!
You die...

......#..#####.#.g##.#
..#
....>.#........#.....# .
......#..########.##.#
#####.#...###.....#### #
#...).....#.######...g
###.#.....#.#.......gg..
#........##.########.##.
#........##.########.#
#........#......@g(..#
.........#....########
#........#....#
....######....# ###.#
#....# ....# ###...
##### #.... #.....
#....<.


You could see a gnoll.

Vanquished Creatures
  2 gnolls (D:2)
  An adder (D:2)
  A ball python (D:2)
  A giant cockroach (D:1)
  4 goblins
  5 hobgoblins
  10 jackals
  5 kobolds
  4 bats (D:1)
  2 giant geckos
  5 rats
40 creatures vanquished.

Notes
Turn   | Place    | Note
--------------------------------------------------------------
     0 | D:1      | drasked, the Ogre Hunter, began the quest for the Orb.
     0 | D:1      | Reached XP level 1. HP: 22/22 MP: 1/1
    47 | D:1      | Reached skill level 1 in Stealth
   303 | D:1      | Reached XP level 2. HP: 17/29 MP: 2/2
   638 | D:1      | Upgraded the game from 0.17-a0-848-g7e5c6af to 0.17-a0-854-g4a4ba72
  1179 | D:1      | Reached XP level 3. HP: 28/36 MP: 3/3
  1623 | D:2      | Reached skill level 1 in Maces & Flails
  2127 | D:2      | Reached XP level 4. HP: 44/44 MP: 4/4
  2167 | D:2      | HP: 2/44 [gnoll/spear (5)]
  2168 | D:2      | Mangled by a gnoll

Action                   |  1- 3 |  4- 6 || total
-------------------------+-------+-------++-------
Melee: Unarmed           |   160 |       ||   160
       Short sword       |     4 |       ||     4
       Club              |    98 |    14 ||   112
Throw: Large rock        |    12 |     3 ||    15
       Stone             |     1 |       ||     1
       Throwing net      |     1 |       ||     1
  Eat: Chunk             |     4 |       ||     4
